 Dungeon Crawl Stone Soup version 0.26-a0-26-ge22fd8933b (webtiles) character file.

Game seed: 17975131881508138871, levelgen mode: deterministic

475 FHLogan the Slasher (level 6, -1/53 HPs)
             Began as a Minotaur Fighter on May 27, 2020.
             Killed from afar by a steam dragon (10 damage)
             ... with a ball of steam
             ... on level 5 of the Dungeon.
             The game lasted 00:12:25 (4030 turns).

FHLogan the Slasher (Minotaur Fighter)              Turns: 4030, Time: 00:12:26

Health: -1/53      AC: 12    Str: 23    XL:     6   Next: 84%
Magic:  5/5        EV:  5    Int:  5    God:
Gold:   190        SH: 10    Dex:  9    Spells: 5/5 levels left

rFire    . . .     SeeInvis .   p - +0 scimitar
rCold    . . .     Gourm    .   c - +0 kite shield
rNeg     . . .     Faith    .   r - +0 plate armour
rPois    .         Spirit   .   (helmet restricted)
rElec    .         Reflect  .   (no cloak)
rCorr    +         Harm     .   (no gloves)
MR       .....                  (no boots)
Stlth    ..........             (no amulet)
HPRegen  0.17/turn              g - ring of resist corrosion
MPRegen  0.09/turn              (no ring)

@: no status effects
A: retaliatory headbutt, horns 2
a: no special abilities


You were on level 5 of the Dungeon.
You were not hungry.

You visited 1 branch of the dungeon, and saw 5 of its levels.

You collected 190 gold pieces.

Inventory:

Hand Weapons
 a - a +0 long sword
 p - a +0 scimitar (weapon)
 u - a +0 halberd
Missiles
 j - 21 poisoned darts (quivered)
 k - 190 stones
 q - 67 arrows
 z - 16 sling bullets
 B - 13 bolts
Armour
 b - a +0 scale mail
 c - a +0 kite shield (worn)
 r - a +0 plate armour (worn)
Jewellery
 g - a ring of resist corrosion (left hand)
 y - a cursed amulet of inaccuracy
Wands
 x - a wand of iceblast (7)
Scrolls
 h - 3 scrolls of teleportation {unknown}
 i - 5 scrolls of identify
 o - a scroll of enchant armour {unknown}
 t - 2 scrolls of remove curse {unknown}
 v - a scroll of magic mapping {unknown}
 A - a scroll of enchant weapon {unknown}
 D - 3 scrolls of random uselessness {unknown}
 E - a scroll of immolation {unknown}
Potions
 d - 2 potions of might
 e - a potion of mutation {unknown}
 l - a potion of magic {unknown}
 m - 4 potions of flight {unknown}
 n - a potion of curing {unknown}
 s - a potion of lignification {unknown}
 w - a potion of ambrosia {unknown}
Comestibles
 f - 5 rations


   Skills:
 + Level 4.6 Fighting
 + Level 5.9 Long Blades
 + Level 5.7 Armour
 + Level 0.4 Dodging
 + Level 1.1 Stealth
 + Level 4.9 Shields


You had 5 spell levels left.
You didn't know any spells.
Your spell library was empty.

Dungeon Overview and Level Annotations

Branches:
Dungeon (5/15)
 Temple: D:4-7

Altars:
Vehumet


Innate Abilities, Weirdness & Mutations

You reflexively headbutt those who attack you in melee.
You have a pair of horns on your head.


Message History

You are engulfed in a cloud of scalding steam.
The ice beast is engulfed in a cloud of scalding steam.
The ice beast hits you but does no damage.
An ogre comes into view. It is wielding a +0 giant club.
The ogre shouts!
You hit the ice beast but do no damage. Your headbutt misses the ice beast.
The ice beast is severely wounded.
You are engulfed in a cloud of scalding steam.
You block the ice beast's attack. You block the steam dragon's attack. x2
The ice beast barely misses you.
You riposte.
You closely miss the ice beast. Your headbutt misses the ice beast.
The ice beast is severely wounded.
The steam dragon bites you! You block the steam dragon's attack.
The steam dragon breathes steam at you. The ball of steam hits you!!
* * * LOW HITPOINT WARNING * * *
The ice beast hits you but does no damage.
The steam dragon breathes steam at you. The ball of steam hits you!
You die...

...............###### ####...
.........#.....##...#######......
.........#.....##................
.........#.....##................
.............).##................
....................#######......
.............>......########...##
...÷......###.............#.....#
..........###...@.........'......
###........##....§........#......
............#.....§§......#......
............#.....Y.D§....#......
............#.......§§....#......
..........#...............#......
###.......#...####...O...........
#....##'#<..........#...........
#.................#.#...........


You could see a steam dragon (catching breath), an ice beast and an ogre.

Vanquished Creatures
  A phantom (D:5)
  A scorpion (D:4)
  3 hounds
  An orc priest (D:3)
  2 iguanas
  A worker ant (D:4)
  4 adders
  3 gnolls (D:4)
  3 oozes
  3 worms (D:2)
  4 dart slugs
  A leopard gecko (D:2)
  2 orcs
  A ball python (D:1)
  A giant cockroach (D:1)
  7 goblins
  9 hobgoblins
  2 jackals (D:2)
  2 quokkas (D:2)
  3 bats
  5 frilled lizards
  4 kobolds
  6 rats
69 creatures vanquished.

Notes
Turn   | Place    | Note
-------+----------+-------------------------------------------
     0 | D:1      | FHLogan the Minotaur Fighter began the quest for the Orb.
     0 | D:1      | Reached XP level 1. HP: 19/19 MP: 0/0
   358 | D:1      | Reached XP level 2. HP: 27/27 MP: 1/1
   670 | D:1      | Reached XP level 3. HP: 32/33 MP: 2/2
  1375 | D:2      | Reached XP level 4. HP: 38/40 MP: 3/3
  1594 | D:3      | Found a radiant altar of Vehumet.
  2526 | D:3      | Reached XP level 5. HP: 46/46 MP: 4/4
  2871 | D:4      | Reached skill level 5 in Armour
  2926 | D:4      | Reached skill level 1 in Stealth
  3034 | D:4      | Reached XP level 6. HP: 53/53 MP: 5/5
  3307 | D:4      | Reached skill level 5 in Long Blades
  3763 | D:5      | Entered Level 5 of the Dungeon
  4007 | D:5      | Noticed an ice beast
  4010 | D:5      | Noticed a steam dragon
  4030 | D:5      | Killed from afar by a steam dragon

Illustrated notes

Levels and vault maps discovered:
D:1:      matt_arrival_diagonals, layout_loops_ring, minmay_tree_intersection,
          minmay_octomino_c4
D:2:      layout_rooms, chequers_serial_rivers_room_a, roderic_lattice_a,
          dk_vineyard_3
D:3:      layout_basic, vehumet_crystals, first_ration
D:4:      layout_loops_ring
D:5:      layout_basic

Skill      XL: |  1  2  3  4  5  6 |
---------------+-------------------+-----
Armour         | 4 5 |  5.7
Shields        | 4 |  4.9
Fighting       | 4 |  4.6
Long Blades    | 3 4 5 |  5.9
Stealth        | 1 |  1.1
Dodging        | |  0.4

Action                   |  1- 3 |  4- 6 || total
-------------------------+-------+-------++-------
Melee: Long sword        |    87 |    22 ||   109
       Headbutt          |    20 |    20 ||    40
       Scimitar          |       |   100 ||   100
  Use: Scroll            |       |     2 ||     2
  Eat: Chunk             |     1 |     6 ||     7
       Ration            |       |     1 ||     1
Armor: Scale mail        |    41 |    11 ||    52
       Plate armour      |       |    46 ||    46
Dodge: Dodged            |    26 |    21 ||    47
Block: Kite shield       |    37 |    68 ||   105
       Rpst.: Long sword |     6 |     1 ||     7
       Scimitar          |       |     6 ||     6

Table legend:
 A = Non-vault XP
 B = Vault XP
 C = Vault XP percentage of total XP
 D = Non-vault monster count
 E = Vault monster count
 F = Vault count percentage of total count
                 A         B        C        D         E       F
            +---------+---------+-------+---------+---------+-------
      Total |     665 |      14 |   2.1 |      62 |       7 |  10.1
            +---------+---------+-------+---------+---------+-------
        D:1 |      31 |      14 |  31.1 |      11 |       7 |  38.9
        D:2 |      66 |       0 |   0.0 |      25 |       0 |   0.0
        D:3 |      89 |       0 |   0.0 |      12 |       0 |   0.0
        D:4 |     270 |       0 |   0.0 |      10 |       0 |   0.0
        D:5 |     209 |       0 |   0.0 |       4 |       0 |   0.0
            +---------+---------+-------+---------+---------+-------
